 Dungeon Crawl Stone Soup version 0.30.1-11-g7821555f0a (webtiles) character file.

Game seed: 2735085306209456484

5450 cowcol the Cleaver (level 10, -3/90 HPs)
             Began as a Minotaur Fighter on Jan 14, 2024.
             Was a Follower of Okawaru.
             Succumbed to a kobold brigand's poison
             ... on level 10 of the Dungeon.
             The game lasted 00:23:00 (9797 turns).

cowcol the Cleaver (Minotaur Fighter)               Turns: 9797, Time: 00:23:00

Health: -3/90      AC: 16    Str: 24    XL:     10   Next: 41%
Magic:  9/9        EV: 12    Int:  7    God:    Okawaru [*.....]
Gold:   732        SH:  4    Dex:  9    Spells: 9/9 levels left

rFire   . . .        D - +9 hand axe "Soishato" {heavy, Stlth+}
rCold   . . .        c - +0 buckler
rNeg    . . .        H - +0 plate armour
rPois   +            (helmet restricted)
rElec   .            s - +0 cloak
rCorr   .            (no gloves)
SInv    .            (no boots)
Will    .....        (no amulet) Stlth
                     j - +5 ring of evasion
HPRegen 0.35/turn    t - ring of poison resistance
MPRegen 0.11/turn

%: no passive effects
@: lethally poisoned (-3 -> -17), slowed, very slow
A: horns 2, retaliatory headbutt
a: Renounce Religion, Heroism


You were on level 10 of the Dungeon.
You worshipped Okawaru.
Okawaru was aware of your devotion.
You visited 2 branches of the dungeon, and saw 11 of its levels.
You also visited: Sewer.

You collected 732 gold pieces.

Inventory:

Hand Weapons
 a - a +0 heavy war axe
 D - the +9 hand axe "Soishato" (weapon) {heavy, Stlth+}
   (You took it off a centaur on level 7 of the Dungeon)

   Stlth:     It makes you more stealthy.
Missiles
 o - 8 boomerangs (quivered)
 F - 4 silver boomerangs
 P - a curare-tipped dart
Armour
 b - a +0 scale mail
 c - a +0 buckler (worn)
 q - a +0 chain mail
 s - a +0 cloak (worn)
 H - a +0 plate armour (worn)
Jewellery
 j - a +5 ring of evasion (left hand)
 t - a ring of poison resistance (right hand)
 E - a +6 ring of intelligence
 L - a +5 ring of evasion
 M - a ring of resist corrosion
 N - a ring of positive energy
 Q - a ring of see invisible
Wands
 J - a wand of digging (5)
 K - a wand of flame (45)
Scrolls
 f - 3 scrolls of immolation
 g - a scroll of fog
 h - 4 scrolls of amnesia
 i - 2 scrolls of torment {unknown}
 m - 2 scrolls of blinking
 n - 3 scrolls of brand weapon
 p - 2 scrolls of magic mapping
 v - a scroll of teleportation
 y - a scroll of enchant armour {unknown}
 A - a scroll of vulnerability
 G - a scroll of enchant weapon {unknown}
Potions
 d - a potion of might
 e - a potion of curing
 k - 4 potions of flight
 l - a potion of attraction {unknown}
 r - 2 potions of invisibility {unknown}
 u - 2 potions of brilliance {unknown}
 w - 6 potions of heal wounds
 x - 2 potions of degeneration {unknown}
 z - a potion of haste {unknown}
 B - 2 potions of resistance {unknown}
 C - a potion of mutation {unknown}
 I - a potion of experience {unknown}
 O - a potion of cancellation {unknown}
Miscellaneous
 R - a piece from Xom's chessboard (15/15)


   Skills:
 + Level 8.8 Fighting
 + Level 13.1 Axes
 + Level 1.2 Throwing
 + Level 10.7 Armour
 + Level 1.1 Dodging
 + Level 4.1 Shields
 * Level 0.8 Invocations


You had 9 spell levels left.
You didn't know any spells.
Your spell library contained the following spells:

 Spells                   Type           Power      Damage    Failure   Level
 Freeze                   Ice            0%         1d3       99%         1
 Slow                     Hex            0%         N/A       99%         1
 Cigotuvi's Dreadful Rot  Necr/Pois/Air  0%         N/A       100%        2
 Ensorcelled Hibernation  Hex/Ice        0%         N/A       100%        2
 Passwall                 Tmut/Erth      0%         N/A       100%        2
 Confusing Touch          Hex            0%         N/A       100%        3
 Dazzling Flash           Conj/Hex       0%         N/A       100%        3
 Frozen Ramparts          Ice            0%         1d1       100%        3
 Hailstorm                Conj/Ice       0%         3d3       100%        3
 Ignite Poison            Fire/Tmut/Pois 0%         N/A       100%        3
 Spider Form              Tmut/Pois      0%         N/A       100%        3
 Swiftness                Air            0%         N/A       100%        3
 Vampiric Draining        Necr           0%         2d6       100%        3
 Volatile Blastmotes      Fire/Tloc      0%         2d10      100%        3
 Anguish                  Hex/Necr       0%         N/A       100%        4
 Iskenderun's Mystic Bla  Conj/Tloc      0%         2d3       100%        4
 Freezing Cloud           Conj/Ice/Air   0%         6-21      100%        5
 Starburst                Conj/Fire      0%         6d3       100%        6
 Orb of Destruction       Conj           0%         9d5       100%        7
 Summon Small Mammal      Summ           Unusable   N/A       N/A         1
 Call Canine Familiar     Summ           Unusable   N/A       N/A         3
 Summon Guardian Golem    Hex/Summ       Unusable   N/A       N/A         3
 Spellforged Servitor     Conj/Summ      Unusable   N/A       N/A         7

Dungeon Overview and Level Annotations

Branches:
Dungeon (10/15)            Temple (1/1) D:4            Lair (0/5) D:8
    Orc (0/2) D:9           Sewer (visited)

Altars:
Ashenzari
Cheibriados
Dithmenos
Elyvilon
Fedhas
Gozag
Hepliaklqana
Kikubaaqudgha
Makhleb
Nemelex Xobeh
Okawaru
Qazlal
Ru
Sif Muna
Trog
Uskayaw
Vehumet
Xom
Yredelemnul
Zin
The Shining One


Innate Abilities, Weirdness & Mutations

You have a pair of horns on your head.
You reflexively headbutt those who attack you in melee.


Message History

The sun demon hits you!
You are engulfed in flames!
You barely miss the sun demon. You slash the ufetubus!
You kill the ufetubus!
The ufetubus disappears in a puff of smoke!
You closely miss the crimson imp.
You feel very sick.
The kobold brigand throws a poisoned dart.
The poisoned dart hits you!
The kobold demonologist gestures wildly while chanting.
You block the crimson imp's attack. The sun demon hits you.
You are engulfed in flames!
You slash the sun demon!
The sun demon is moderately wounded.
You hit the shadow imp but do no damage.
You slash the crimson imp!
You feel sick.
The shadow imp hits you but does no damage.
The crimson imp barely misses you. The sun demon hits you.
* * * LOW HITPOINT WARNING * * *
You are engulfed in flames!
* * * LOW HITPOINT WARNING * * *
The white imp gestures at you. The puff of frost hits you.
* * * LOW HITPOINT WARNING * * *
The shadow imp completely misses you.
The crimson imp hits you but does no damage.
The sun demon barely misses you. You furiously retaliate!
You headbutt the sun demon.
Blink to where?
Press: ? - help, Dir - move target
As you read the scroll of blinking, it crumbles to dust.
You feel sick. The white imp gestures at you. The puff of frost hits you.
* * * LOW HITPOINT WARNING * * *
The shadow imp gestures at you.
You struggle to resist.
The kobold brigand throws a poisoned dart.
The poisoned dart hits you!
You are more poisoned.
You die...

#...≈.≈...≈.≈
#...≈.§K§.≈.≈.
#.#.≈.≈K4.≈.≈.
#.#5≈.5≈§≈≈.≈.
#)#§≈5K.....≈.
#.#.≈≈≈≈≈≈≈≈≈.
###.#...........
#......3......#
#.######@##.# #.
#.# # # #.# #.#
#.# #.. ###


You could see a sun demon (summoned), an orange demon (summoned), a kobold
demonologist, 2 kobold brigands, a crimson imp (summoned), a white imp
(summoned) and a shadow imp (summoned).

Vanquished Creatures
  A two-headed ogre (D:9)
  Pikel (D:6)
  A hornet (D:10)
  A wyvern (D:9)
  A steam dragon (D:7)
  Menkaure (D:5)
  Edmund (D:5)
  A water moccasin (D:9)
  A black bear (D:8)
  5 orc warriors (D:9)
  A sky beast (D:7)
  2 ogres (D:5)
  6 centaurs
  A lemure (D:6)
  3 kobold brigands
  4 bullfrogs
  3 scorpions
  3 necrophages (D:6)
  9 killer bees
  2 electric eels (D:8)
  2 bullfrog zombies (D:6)
  A centaur zombie (D:6)
  3 hounds
  4 orc priests
  A sleepcap (D:4)
  3 iguanas
  11 orc wizards
  A mummy (D:6)
  A river rat (D:6)
  9 adders
  2 white imps
  2 ufetubi
  2 worms
  3 dart slugs
  40 orcs
  12 ball pythons
  12 endoplasms
  17 giant cockroaches
  7 hobgoblins
  10 jackals
  12 kobolds
  12 quokkas
  5 bats
  4 frilled lizards (Sewer)
  10 goblins
  2 hobgoblin zombies (D:6)
  A kobold zombie (D:6)
  An orc zombie (D:6)
  7 rats
245 creatures vanquished.

Notes
Turn   | Place    | Note
-------+----------+-------------------------------------------
     0 | D:1      | cowcol the Minotaur Fighter began the quest for the Orb.
     0 | D:1      | Reached XP level 1. HP: 19/19 MP: 0/0
     0 | D:1      | Noticed a ghoul
     1 | D:1      | Noticed a demonspawn
     4 | D:1      | Noticed a demigod
     4 | D:1      | Noticed a felid
     6 | D:1      | Noticed a draconian
     7 | D:1      | Noticed a demonspawn
     9 | D:1      | Noticed a dwarf
    11 | D:1      | Noticed a dwarf
    11 | D:1      | Noticed a dwarf
    13 | D:1      | Noticed a gargoyle
    15 | D:1      | Noticed an elf
    15 | D:1      | Noticed a barachi
    15 | D:1      | Noticed a spriggan
    17 | D:1      | Noticed a merfolk
    17 | D:1      | Noticed a spriggan
    17 | D:1      | Noticed a draconian
    19 | D:1      | Noticed a demigod
    19 | D:1      | Noticed a vine stalker
    78 | D:1      | Reached XP level 2. HP: 27/27 MP: 1/1
   656 | D:1      | Reached XP level 3. HP: 33/33 MP: 2/2
   817 | D:2      | Reached skill level 3 in Axes
  1018 | D:2      | Found a faded altar of an unknown god.
  1725 | D:3      | Found a sparkling altar of Nemelex Xobeh.
  1803 | D:3      | Reached skill level 4 in Axes
  1803 | D:3      | Reached XP level 4. HP: 40/40 MP: 3/3
  1810 | D:3      | Reached skill level 1 in Dodging
  1943 | D:3      | Found a bloodstained altar of Trog.
  2291 | D:3      | Found an ancient bone altar of Kikubaaqudgha.
  2570 | D:4      | Reached skill level 5 in Armour
  2570 | D:4      | Reached XP level 5. HP: 45/46 MP: 4/4
  2638 | D:4      | Found a staircase to the Ecumenical Temple.
  2753 | Temple   | Entered the Ecumenical Temple
  2831 | D:4      | Reached skill level 5 in Axes
  2958 | D:4      | Reached XP level 6. HP: 53/53 MP: 5/5
  3073 | D:4      | Found a glowing golden altar of the Shining One.
  3502 | D:5      | Entered Level 5 of the Dungeon
  3502 | D:5      | Noticed Menkaure
  3507 | D:5      | Killed Menkaure
  3508 | D:5      | Reached skill level 5 in Fighting
  3508 | D:5      | Reached skill level 6 in Axes
  3508 | D:5      | Reached XP level 7. HP: 59/61 MP: 6/6
  3644 | D:5      | Noticed Edmund
  3659 | D:5      | Killed Edmund
  3970 | D:5      | Found a radiant altar of Vehumet.
  4006 | D:5      | Found a shimmering altar of Xom.
  4131 | D:5      | Reached skill level 7 in Axes
  4142 | D:5      | Reached skill level 1 in Throwing
  4165 | D:5      | Found a sacrificial altar of Ru.
  4189 | D:5      | Found a snail-covered altar of Cheibriados.
  4312 | D:5      | You fall into a shaft and drop 2 floors!
  4380 | D:7      | Identified the +9 hand axe "Soishato" {heavy, Stlth+}
  4388 | D:7      | Reached XP level 8. HP: 51/70 MP: 7/7
  4426 | D:6      | Found a glowing drain.
  4435 | Sewer    | Entered a sewer
  4767 | Sewer    | Reached skill level 8 in Axes
  5584 | D:6      | Noticed Pikel
  5592 | D:6      | Killed Pikel
  5593 | D:6      | Reached skill level 9 in Axes
  5629 | D:6      | Found a blossoming altar of Fedhas.
  6415 | D:6      | Found a hazy altar of Hepliaklqana.
  6510 | D:6      | Reached skill level 10 in Axes
  6510 | D:6      | Reached XP level 9. HP: 64/78 MP: 8/8
  7076 | D:7      | Reached skill level 11 in Axes
  7527 | D:8      | Found a transporter.
  7554 | D:8      | Found a transporter.
  8303 | D:8      | Reached skill level 12 in Axes
  8362 | D:8      | Found a staircase to the Lair.
  8581 | D:9      | Found an iron altar of Okawaru.
  8592 | D:9      | Became a worshipper of Warmaster Okawaru
  8623 | D:9      | Reached skill level 10 in Armour
  8665 | D:9      | Reached XP level 10. HP: 88/88 MP: 9/9
  8684 | D:9      | Noticed a two-headed ogre
  8692 | D:9      | Killed a two-headed ogre
  8692 | D:9      | Reached * piety under Okawaru
  8966 | D:9      | Found a broken altar of Ashenzari.
  9312 | D:9      | Reached skill level 13 in Axes
  9545 | D:9      | Found a staircase to the Orcish Mines.
  9661 | D:10     | Entered Level 10 of the Dungeon
  9723 | D:10     | Reached ** piety under Okawaru
  9761 | D:10     | Found a white marble altar of Elyvilon.
  9782 | D:10     | Noticed a sun demon
  9785 | D:10     | Noticed an orange demon
  9796 | D:10     | HP: 1/90 [white imp/puff of frost[a kobold demonologist]
                  | (5)]
  9797 | D:10     | Succumbed to a kobold brigand's poison

Illustrated notes

Levels and vault maps discovered:
D:1:      shiori_arrival_whats_in_store_for_you, layout_loops_ring
D:2:      layout_loops_ring, serial_glass, glass_columns_b, glass_columns_b,
          glass_columns_a, glass_columns_c, glass_columns_a, glass_columns_a,
          glass_columns_b, glass_columns_a, minmay_strange_pillars,
          basic_ecumenical_altar, minmay_misc_feat_pillars
D:3:      layout_basic, mainiacjoe_overflow_24_doors,
          mainiacjoe_overflow_alcove_2, lemuel_crystal_altar
D:4:      layout_cave_pods, nicolae_tso_carved_into_rock, temple_fountains,
          kennysheep_boxes
D:5:      layout_layer_cave, kennysheep_little_box, cheibriados_altar_1,
          overflow_temple_1_default, vehumet_crystals, serial_bayou,
          serial_bayou_pond_d, serial_bayou_shore_a, serial_bayou_pond_a,
          serial_bayou_pond_a, serial_bayou_pond_a, serial_bayou_lagoon_a,
          uniq_menkaure, uniq_edmund
D:6:      layout_cave_pools, marbit_many_paths, fedhas_altar_decomposition,
          portal_sewer_entry_b, minmay_mini_ossuary, uniq_pikel
D:7:      layout_basic
D:8:      gammafunk_steamed_eel, layout_basic, dpeg_oklobed_lair
D:9:      layout_rooms, mainiacjoe_overflow_cross_hatched,
          mainiacjoe_overflow_tiny_flanked, hiddenorc1_lemuel,
          hellmonk_bongcloud_opening
D:10:     cheibrodos_histonic, layout_loops_ring, kennysheep_mini,
          mainiacjoe_overflow_concentric_impassable
Temple:   hellmonk_temple_rainy

Skill      XL: |  1  2  3  4  5  6  7  8  9 10 |
---------------+-------------------------------+-----
Shields        | 4 |  4.1
Armour         | 4 5 6 7 8 10 | 10.7
Fighting       | 4 5 6 8 |  8.8
Axes           | 4 5 6 7 10 12 13 | 13.1
Dodging        | 1 |  1.1
Throwing       | 1 |  1.2
Invocations    | |  0.8

Action                     |  1- 3 |  4- 6 |  7- 9 | 10-12 || total
---------------------------+-------+-------+-------+-------++-------
  Melee: War axe           |    68 |    64 |    24 |       ||   156
         Headbutt          |     7 |     7 |    24 |    14 ||    52
         Hand axe          |       |       |   183 |    78 ||   261
  Throw: Boomerang         |     1 |     2 |     9 |    13 ||    25
 Invoke: Heroism           |       |       |       |     1 ||     1
    Use: Scroll            |     4 |     2 |     7 |     2 ||    15
         Potion            |       |     1 |     4 |       ||     5
 Armour: Scale mail        |    26 |    26 |    74 |     1 ||   127
         Plate armour      |       |       |       |    27 ||    27
  Dodge: Dodged            |    45 |    63 |   193 |    51 ||   352
  Block: Buckler           |    14 |    19 |    59 |    17 ||   109
